[Event "Titled Tuesday Blitz July 05 Late 2022"]
[White "Hakobyan, Aram"]
[Black "Livaic, Leon"]
[WhiteFideId "13306677"]
[BlackFideId "14531534"]
[WhiteElo "2557"]
[BlackElo "2540"]
[Result "1-0"]
[Round "04"]
[TimeControl "180+1"]
[Date "2022.07.05"]
[WhiteClock "0:00:07"]
[BlackClock "0:00:03"]

1. d4 e6 2. c4 d5 3. Nc3 Nf6 4. cxd5 exd5 5. a3 c6 6. Bf4 Bd6 7. Bxd6 Qxd6 8. e3 Bf5 9. Qf3 Bg6 10. h4 Bh5 11. Qf4 Qxf4 12. exf4 Bg6 13. h5 Bf5 14. f3 h6 15. g4 Bh7 16. f5 Nbd7 17. Bd3 O-O-O 18. Nge2 Ne8 19. Kf2 Nd6 20. Rhe1 Rhe8 21. Nf4 Bg8 22. Rac1 Rxe1 23. Kxe1 Re8+ 24. Kd2 Kd8 25. Nce2 f6 26. b3 a6 27. Nc3 Nb5 28. Bxb5 axb5 29. Re1 Rxe1 30. Kxe1 Ke7 31. Nd3 Kd6 32. Kd2 Bf7 33. Ne2 b6 34. b4 Nb8 35. Nef4 Na6 36. Kc3 Nc7 37. Nb2 Kd7 38. a4 bxa4 39. Nxa4 Nb5+ 40. Kd3 Kc7 41. Nc3 Nxc3 42. Kxc3 Kd6 43. Nd3 Be8 44. Nb2 c5 45. bxc5+ bxc5 46. dxc5+ Kxc5 47. Nd3+ Kd6 48. Kd4 Ba4 49. Nf4 Bd1 50. Ke3 Ke5 51. Ne6 Ba4 52. f4+ Kd6 53. Nxg7 Bd7 54. g5 Ke7 55. g6 Ba4 56. Ne6 Bc2 57. Nd4 Bb1 58. Kf3 Bd3 59. Kg3 Kf8 60. Kg4 Bb1 61. Ne6+ Ke7 62. Nd4 Kf8 63. Kg3 Ke7 64. Kf2 Kf8 65. Ke3 Be4 66. Ne6+ Ke7 67. Nc7 Bxf5 68. Nxd5+ Ke6 69. Kd4 Bg4 70. g7 Kf7 71. g8=Q+ 1-0


[Site "https://www.chess.com"]

[Event "Titled Tuesday Blitz July 05 Late 2022"]
[White "Halkias, Stelios"]
[Black "Ezat, Mohamed"]
[WhiteFideId "4201809"]
[BlackFideId "10600906"]
[WhiteElo "2453"]
[BlackElo "2386"]
[Result "1-0"]
[Round "04"]
[TimeControl "180+1"]
[Date "2022.07.06"]
[WhiteClock "0:00:40"]
[BlackClock "0:00:39"]

1. e4 c6 2. d4 d5 3. e5 Bf5 4. h4 h5 5. Bd3 Bxd3 6. Qxd3 e6 7. Bg5 Qb6 8. Nd2 Qa6 9. c4 Bb4 10. b3 Nd7 11. Nf3 Ne7 12. O-O Nf5 13. Rfc1 O-O 14. Nf1 f6 15. exf6 Nxf6 16. Bxf6 Rxf6 17. Ne3 Raf8 18. Ng5 Be7 19. Re1 c5 20. Nxf5 Rxf5 21. Rxe6 Bd6 22. Rae1 cxd4 23. Qxd4 Qa5 24. Re8 Rxf2 25. Qxf2 1-0


[Site "https://www.chess.com"]

[Event "Titled Tuesday Blitz July 05 Late 2022"]
[White "Hansen, Eric"]
[Black "Dubov, Daniil"]
[WhiteFideId "2606771"]
[BlackFideId "24126055"]
[WhiteElo "2568"]
[BlackElo "2791"]
[Result "0-1"]
[Round "04"]
[TimeControl "180+1"]
[Date "2022.07.05"]
[WhiteClock "0:00:16"]
[BlackClock "0:01:47"]

1. c4 e5 2. Nc3 Nf6 3. Nf3 Nc6 4. e4 Bb4 5. d3 d6 6. Be2 Bc5 7. Na4 Bb4+ 8. Nc3 a5 9. O-O Bc5 10. a3 h6 11. h3 g5 12. Nh2 Nd4 13. Be3 Rg8 14. Ng4 Bxg4 15. Bxg4 c6 16. Rb1 h5 17. Bxh5 g4 18. hxg4 Nxh5 19. gxh5 Qh4 20. b4 Kd7 21. Bxd4 Qh3 22. g3 Rxg3+ 23. fxg3 Qxg3+ 24. Kh1 Qh3+ 25. Kg1 Bxd4+ 26. Rf2 Rg8+ 0-1


[Site "https://www.chess.com"]

[Event "Titled Tuesday Blitz July 05 Late 2022"]
[White "Hardaway, Brewington"]
[Black "Idani, Pouya"]
[WhiteFideId "30941849"]
[BlackFideId "12510130"]
[WhiteElo "1813"]
[BlackElo "2610"]
[Result "1-0"]
[Round "04"]
[TimeControl "180+1"]
[Date "2022.07.06"]
[WhiteClock "0:00:05"]
[BlackClock "0:00:03"]

1. e4 c5 2. Nf3 e6 3. d4 cxd4 4. Nxd4 Nc6 5. Nc3 Qc7 6. Be3 a6 7. Be2 Nf6 8. O-O Bb4 9. Nxc6 bxc6 10. f3 d5 11. a3 Bd6 12. g3 O-O 13. Qd2 Rb8 14. b4 Rd8 15. Bg5 Be5 16. Bd3 h6 17. Bf4 Bxf4 18. Qxf4 e5 19. Qh4 Be6 20. Na4 a5 21. Nc5 axb4 22. Na6 Qb6+ 23. Kg2 Ra8 24. Nxb4 dxe4 25. fxe4 Ng4 26. Rf3 Ne3+ 27. Kh1 c5 28. Na6 c4 29. Be2 Nxc2 30. Raf1 Qxa6 31. Qh5 Rd7 32. Kg2 Nd4 33. Rf6 Qxa3 34. Rxh6 gxh6 35. Qxh6 Qf8 36. Qe3 Nxe2 37. Rf6 Qg7 38. Rf5 Rad8 39. Rg5 Nd4 40. Rxg7+ Kxg7 41. Qg5+ Kf8 42. Qxe5 Ke7 43. Qc5+ Kf6 44. Qh5 Nc6 45. Qh6+ Ke7 46. Qg5+ Kd6 47. Qf4+ Kc5 48. Qg5+ Kb4 49. Qe3 Rd2+ 50. Kg1 Kb5 51. Qg5+ Ka4 52. Qc5 Nb4 53. Qa7+ Kb3 54. Qe3+ c3 55. Qf4 Kb2 56. Qe5 Nd3 57. Qb5+ Kc2 58. Qa4+ Kc1 59. Qa1+ Kc2 60. Qa4+ Kb2 61. Qb4+ Ka1 62. Qxc3+ Kb1 63. Qxd2 Rd7 64. Qd1+ Kb2 65. Qd2+ Kb3 66. h4 Kc4 67. Qe3 Kc3 68. h5 f6 69. h6 Kc4 70. Qf3 Kd4 71. Qxf6+ Ne5 72. Qxe6 Rh7 73. Qd5+ Kc3 74. Qxe5+ 1-0


[Site "https://www.chess.com"]

[Event "Titled Tuesday Blitz July 05 Late 2022"]
[White "Iliaguev, Nisim"]
[Black "Shimanov, Aleksandr"]
[WhiteFideId "2817276"]
[BlackFideId "4198603"]
[WhiteElo "2107"]
[BlackElo "2605"]
[Result "1/2-1/2"]
[Round "04"]
[TimeControl "180+1"]
[Date "2022.07.05"]
[WhiteClock "0:00:39"]
[BlackClock "0:00:05"]

1. d4 Nf6 2. Nf3 g6 3. g3 c5 4. Bg2 Bg7 5. O-O Qc7 6. b3 O-O 7. Bb2 d6 8. c4 Bg4 9. Nc3 Nc6 10. d5 Na5 11. Qd2 a6 12. h3 Bd7 13. Rac1 b5 14. cxb5 axb5 15. Rfe1 b4 16. Na4 Bxa4 17. bxa4 Ne4 18. Qc2 Bxb2 19. Qxb2 Nc3 20. Qc2 Nc4 21. Qd3 Nb6 22. e4 Rxa4 23. Qd2 Rxa2 24. Qh6 f6 25. Nh4 Rf7 26. Nxg6 hxg6 27. Qxg6+ Kf8 28. Qh5 Ke8 29. Bf3 Nd7 30. Bg4 Ne5 31. Qh8+ Rf8 32. Bh5+ Nf7 33. Bxf7+ Kxf7 34. Qh5+ Kg7 35. Qg4+ Kf7 36. Qh5+ Kg7 37. Qg4+ Kh8 38. Qh5+ Kg7 1/2-1/2


[Site "https://www.chess.com"]

[Event "Titled Tuesday Blitz July 05 Late 2022"]
[White "Janaszak, Dawid"]
[Black "Meshkovs, Nikita"]
[WhiteFideId "1119206"]
[BlackFideId "11602740"]
[WhiteElo "2199"]
[BlackElo "2506"]
[Result "0-1"]
[Round "04"]
[TimeControl "180+1"]
[Date "2022.07.05"]
[WhiteClock "0:00:05"]
[BlackClock "0:01:12"]

1. e4 c5 2. Nc3 Nc6 3. Bb5 g6 4. Bxc6 dxc6 5. d3 Bg7 6. Be3 b6 7. Qd2 e5 8. Nge2 h6 9. f4 exf4 10. Nxf4 Qc7 11. O-O Nf6 12. Rae1 Ng4 13. e5 O-O 14. Kh1 Nxe5 15. Ne4 f5 16. Ng3 Kh7 17. h3 Bd7 18. Qf2 Rae8 19. Bd2 Nf7 20. Bc3 Bxc3 21. bxc3 Qd6 22. c4 Rxe1 23. Qxe1 Re8 24. Qc3 Re3 25. Nfe2 h5 26. Rf3 Rxf3 27. gxf3 h4 28. Nf1 f4 29. Qd2 g5 30. Kg2 Ne5 31. Nh2 Nxc4 32. Qc3 Ne3+ 33. Kg1 Bxh3 34. d4 c4 35. a3 a5 36. Qb2 b5 37. a4 b4 38. d5 c3 39. Qb3 cxd5 40. Nxc3 bxc3 41. Qb7+ Kh6 42. Qf7 Bf5 43. Qf8+ Qxf8 0-1


[Site "https://www.chess.com"]

[Event "Titled Tuesday Blitz July 05 Late 2022"]
[White "Jaracz, Pawel"]
[Black "Kamsky, Gata"]
[WhiteFideId "1102222"]
[BlackFideId "2000024"]
[WhiteElo "2459"]
[BlackElo "2645"]
[Result "0-1"]
[Round "04"]
[TimeControl "180+1"]
[Date "2022.07.05"]
[WhiteClock "0:00:12"]
[BlackClock "0:00:13"]

1. e4 e5 2. Nf3 Nc6 3. Bc4 Nf6 4. d3 h6 5. O-O d6 6. a4 g6 7. a5 a6 8. Nc3 Bg7 9. Nd5 Nxd5 10. Bxd5 O-O 11. c3 Kh8 12. h3 f5 13. d4 exd4 14. exf5 dxc3 15. f6 Qxf6 16. bxc3 Qxc3 17. Ra3 Qf6 18. Bd2 Be6 19. Bc3 Qf7 20. Bxc6 bxc6 21. Qc1 g5 22. Bxg7+ Kxg7 23. Qxc6 Bd5 24. Qc3+ Kg8 25. Qc2 Rab8 26. Rc3 c6 27. Qd2 Rb5 28. Nd4 Rxa5 29. Nxc6 Bxc6 30. Rxc6 Rd5 31. Qe2 a5 32. Qc2 Re8 33. Rc7 Qf5 34. Qc4 Kh8 35. Ra7 Rc5 36. Qd4+ Qe5 37. Qd3 Re7 38. Ra8+ Kg7 39. Rb1 Qf6 40. Qd2 Rce5 41. Rab8 Re2 42. Qd5 Qxf2+ 43. Kh1 Re1+ 44. Rxe1 Rxe1+ 45. Kh2 Qf4+ 0-1


[Site "https://www.chess.com"]

[Event "Titled Tuesday Blitz July 05 Late 2022"]
[White "Jaskolka, Tomasz"]
[Black "Yaksin, Oleg"]
[WhiteFideId "1170791"]
[BlackFideId "24105880"]
[WhiteElo "2073"]
[BlackElo "2256"]
[Result "1-0"]
[Round "04"]
[TimeControl "180+1"]
[Date "2022.07.06"]
[WhiteClock "0:00:04"]
[BlackClock "0:00:01"]

1. d4 Nf6 2. c4 e6 3. g3 d5 4. Bg2 Be7 5. Nf3 O-O 6. O-O c6 7. Qc2 Nbd7 8. b3 b6 9. Bb2 a5 10. cxd5 cxd5 11. Nc3 Ba6 12. Rac1 Rc8 13. Rfe1 Ne4 14. Qb1 Bb4 15. Qa1 Rc7 16. a3 Bxc3 17. Bxc3 Qa8 18. e3 Rfc8 19. Bb2 Bd3 20. Rxc7 Rxc7 21. Rc1 Qc8 22. Rxc7 Qxc7 23. Qc1 Qxc1+ 24. Bxc1 Bc2 25. b4 Nd6 26. bxa5 bxa5 27. Bf1 f6 28. Ne1 Bb3 29. Bd2 a4 30. Bb4 Nc4 31. Nd3 Kf7 32. Nc5 Ndb6 33. Bd3 e5 34. dxe5 fxe5 35. Kf1 e4 36. Be2 Ne5 37. Kg2 Bc4 38. Bd1 Bb5 39. Bc2 h5 40. h3 g5 41. Nb7 Ke6 42. Nd8+ Kf6 43. Bc3 Nc4 44. Bb4 Bd7 45. Nb7 Kg6 46. Nc5 Be8 47. Bxa4 Bxa4 48. Nxa4 Nd3 49. Nc3 Nb6 50. Ba5 Nc4 51. Bb4 Nb6 52. Bd6 Kf5 53. a4 Ke6 54. Bf8 Nc4 55. Nb5 Nde5 56. Nc7+ Kf7 57. Bc5 1-0


[Site "https://www.chess.com"]

[Event "Titled Tuesday Blitz July 05 Late 2022"]
[White "Kalashian, David"]
[Black "Vovk, Orest"]
[WhiteFideId "13302418"]
[BlackFideId "14113490"]
[WhiteElo "2490"]
[BlackElo "2203"]
[Result "0-1"]
[Round "04"]
[TimeControl "180+1"]
[Date "2022.07.06"]
[WhiteClock "0:00:01"]
[BlackClock "0:00:05"]

1. d4 e5 2. dxe5 Nc6 3. g3 Nxe5 4. Bg2 Nf6 5. Nf3 Nxf3+ 6. Bxf3 Bb4+ 7. Nc3 Bxc3+ 8. bxc3 d5 9. O-O Bh3 10. Re1 c6 11. Rb1 Qe7 12. Qd4 O-O 13. c4 dxc4 14. Qxc4 Rfe8 15. Qf4 Nd5 16. Qg5 h6 17. Qxe7 Rxe7 18. Ba3 Rd7 19. Red1 Rad8 20. Rd3 Nc3 21. Rb3 Nxa2 22. Be4 Be6 23. Rxb7 Rxd3 24. cxd3 Nc3 25. Bf3 Bd5 26. Bxd5 cxd5 27. e3 d4 28. e4 a6 29. Kg2 Nb5 30. Bb4 Rc8 31. Rb6 Ra8 32. Ba5 Rc8 33. Rxa6 Rc2 34. Rb6 Nc3 35. Bxc3 Rxc3 36. Rd6 Rxd3 0-1


[Site "https://www.chess.com"]

[Event "Titled Tuesday Blitz July 05 Late 2022"]
[White "Kozionov, Kirill"]
[Black "Maksimovic, Bojan"]
[WhiteFideId "24101729"]
[BlackFideId "14408120"]
[WhiteElo "2426"]
[BlackElo "2453"]
[Result "1/2-1/2"]
[Round "04"]
[TimeControl "180+1"]
[Date "2022.07.05"]
[WhiteClock "0:00:06"]
[BlackClock "0:00:03"]

1. b3 Nf6 2. Bb2 g6 3. Nf3 Bg7 4. g3 d6 5. d4 c5 6. c4 Ne4 7. Bg2 Qa5+ 8. Nbd2 O-O 9. e3 Nc6 10. h3 Bf5 11. g4 Nxd2 12. Qxd2 Qxd2+ 13. Nxd2 Bd3 14. Bxc6 bxc6 15. O-O-O cxd4 16. exd4 Bh6 17. Rde1 Rfe8 18. h4 Bf4 19. Rh3 Bxc4 20. bxc4 Rab8 21. Bc3 h6 22. Kc2 d5 23. c5 f6 24. Rb1 Rxb1 25. Kxb1 e5 26. Nb3 e4 27. h5 g5 28. Na5 Re6 29. Kc2 Kg7 30. Rh1 Bc7 31. Kd2 f5 32. gxf5 Rf6 33. Rb1 Rxf5 34. Ke2 Bxa5 35. Bxa5 Rf7 36. Rb8 Rf3 37. Rb7+ Kf6 38. Rxa7 Rh3 39. Bd8+ Kf5 40. a4 Rxh5 41. a5 Rh3 42. a6 Ra3 43. Ra8 e3 44. fxe3 Ke4 45. a7 Ra2+ 46. Kd1 Kd3 47. Kc1 g4 48. Bc7 h5 49. Bg3 Kc4 50. Kb1 Ra5 51. Kb2 Rb5+ 52. Kc2 Ra5 53. Kd2 Ra2+ 54. Ke1 Kd3 55. Kf1 Ra1+ 56. Kg2 Ra2+ 57. Kf1 Ra1+ 58. Kg2 Ra2+ 59. Bf2 h4 60. Kg1 Ra1+ 61. Kg2 Ra2 62. Kf1 Ra1+ 63. Kg2 Ra2 1/2-1/2


[Site "https://www.chess.com"]

[Event "Titled Tuesday Blitz July 05 Late 2022"]
[White "Kozlov, Gennady"]
[Black "Preotu, Razvan"]
[WhiteFideId "4191668"]
[BlackFideId "2613280"]
[WhiteElo "2392"]
[BlackElo "2407"]
[Result "1/2-1/2"]
[Round "04"]
[TimeControl "180+1"]
[Date "2022.07.05"]
[WhiteClock "0:01:46"]
[BlackClock "0:00:54"]

1. d4 Nf6 2. c4 g6 3. Nf3 Bg7 4. Nc3 d5 5. cxd5 Nxd5 6. e4 Nxc3 7. bxc3 c5 8. Bb5+ Nc6 9. O-O O-O 10. Be3 Bg4 11. Bxc6 bxc6 12. Qd2 Bxf3 13. gxf3 cxd4 14. cxd4 c5 15. Rad1 cxd4 16. Bxd4 Bxd4 17. Qxd4 Qa5 18. Qd2 Qa3 19. Kg2 Rab8 20. Qe2 Rb2 21. Rd2 Rfb8 22. Rfd1 Qxa2 23. Rxb2 Rxb2 24. Rd8+ Kg7 25. Qe3 Rb7 26. Qc3+ f6 27. Qc8 Rb2 28. Qc5 Rb7 29. Qc8 Rb2 30. Qc5 Rb7 31. Qc8 1/2-1/2


[Site "https://www.chess.com"]

[Event "Titled Tuesday Blitz July 05 Late 2022"]
[White "Kubatko, Ivan"]
[Black "Arabidze, Meri"]
[WhiteFideId "24111473"]
[BlackFideId "13604040"]
[WhiteElo "2285"]
[BlackElo "2335"]
[Result "1/2-1/2"]
[Round "04"]
[TimeControl "180+1"]
[Date "2022.07.06"]
[WhiteClock "0:00:04"]
[BlackClock "0:00:10"]

1. e4 c5 2. c3 Qa5 3. Na3 d6 4. Nf3 Nf6 5. Nc4 Qc7 6. e5 dxe5 7. Ncxe5 Nbd7 8. d4 e6 9. Bd3 cxd4 10. cxd4 Bb4+ 11. Bd2 Bxd2+ 12. Qxd2 O-O 13. O-O Nb6 14. Rac1 Qd6 15. Rfd1 Nbd5 16. Qg5 Bd7 17. Qh4 h6 18. g4 Nf4 19. g5 hxg5 20. Nxg5 N4h5 21. Rc3 Bc6 22. Bh7+ Nxh7 23. Nxh7 g6 24. Nf6+ Nxf6 25. Qxf6 Qd8 26. Qxd8 Rfxd8 27. Nxc6 bxc6 28. Rxc6 Rd5 29. Rc7 a5 30. Rc5 Rad8 31. Rxd5 Rxd5 32. Kf1 Kf8 33. Ke2 Rh5 34. Rh1 Ke7 35. Ke3 Kd6 36. b3 Rh3+ 37. f3 Kd5 38. a3 Kc6 39. b4 axb4 40. axb4 Kb5 41. Rc1 Rxh2 42. Rc7 Rh7 43. Rb7+ Kc6 44. Rb8 f5 45. Kf4 Rd7 46. Ke5 Rd5+ 47. Kxe6 Rxd4 48. Kf6 Rf4 49. Kxg6 Rxf3 50. Kg5 Rf1 51. b5+ Kc7 52. Rf8 Rg1+ 53. Kf4 Rf1+ 54. Kg5 Rg1+ 55. Kf4 Rf1+ 56. Kg5 1/2-1/2


[Site "https://www.chess.com"]

[Event "Titled Tuesday Blitz July 05 Late 2022"]
[White "Lashkin, Jegor"]
[Black "Martinez Alcantara, Jose Eduardo"]
[WhiteFideId "13907808"]
[BlackFideId "3805662"]
[WhiteElo "2368"]
[BlackElo "2703"]
[Result "1/2-1/2"]
[Round "04"]
[TimeControl "180+1"]
[Date "2022.07.05"]
[WhiteClock "0:01:27"]
[BlackClock "0:01:53"]

1. d4 Nf6 2. c4 e6 3. Nf3 Bb4+ 4. Bd2 c5 5. Bxb4 cxb4 6. a3 bxa3 7. Rxa3 O-O 8. Nc3 b6 9. e3 Bb7 10. Be2 a5 11. O-O Na6 12. Qb3 Nb4 13. Na2 Nxa2 14. Qxa2 Rc8 15. Qb3 Qc7 16. Raa1 d6 17. Qa3 Ne4 18. b4 Ra8 19. Rfc1 h6 20. Qb2 Rfc8 21. Nd2 Nxd2 22. Qxd2 e5 23. h3 Rd8 24. Ra3 exd4 25. exd4 1/2-1/2


[Site "https://www.chess.com"]

[Event "Titled Tuesday Blitz July 05 Late 2022"]
[White "Madaminov, Mukhiddin"]
[Black "Soham Kamotra"]
[WhiteFideId "14210703"]
[BlackFideId "46647490"]
[WhiteElo "2011"]
[BlackElo "2082"]
[Result "1-0"]
[Round "04"]
[TimeControl "180+1"]
[Date "2022.07.05"]
[WhiteClock "0:00:04"]
[BlackClock "0:00:01"]

1. e4 c6 2. Nf3 d5 3. Nc3 Bg4 4. h3 Bxf3 5. Qxf3 e6 6. d4 Bb4 7. a3 Bxc3+ 8. bxc3 dxe4 9. Qxe4 Nf6 10. Qf3 O-O 11. Bd3 Nbd7 12. O-O e5 13. Rb1 Qc7 14. a4 Rfe8 15. Qg3 Rac8 16. Bh6 g6 17. Rfe1 e4 18. Qxc7 Rxc7 19. Bf1 Nf8 20. a5 Rd7 21. Be3 Nd5 22. c4 Nxe3 23. fxe3 Ne6 24. c5 Kg7 25. Rb4 a6 26. Reb1 Ree7 27. Kf2 f5 28. g3 g5 29. Bc4 Nf8 30. Ba2 Ng6 31. Rg1 h5 32. h4 Kh6 33. hxg5+ Kxg5 34. Bc4 Rh7 35. Be2 Kf6 36. Bf1 h4 37. gxh4 Nxh4 38. Be2 Ng6 39. Rgb1 Rh2+ 40. Ke1 Rh1+ 41. Kd2 Rxb1 42. Rxb1 f4 43. Bg4 Rd8 44. Rxb7 Kg5 45. Bh3 Rh8 46. Bf1 Rh2+ 47. Kc3 fxe3 48. Rc7 Nf4 49. Rxc6 1-0


[Site "https://www.chess.com"]

[Event "Titled Tuesday Blitz July 05 Late 2022"]
[White "Maghsoodloo, Parham"]
[Black "Bilych, Olexiy"]
[WhiteFideId "12539929"]
[BlackFideId "14156504"]
[WhiteElo "2607"]
[BlackElo "2189"]
[Result "1-0"]
[Round "04"]
[TimeControl "180+1"]
[Date "2022.07.05"]
[WhiteClock "0:00:38"]
[BlackClock "0:00:02"]

1. d4 Nf6 2. c4 e6 3. Nc3 Bb4 4. e3 O-O 5. Bd2 d5 6. Nf3 b6 7. cxd5 exd5 8. Rc1 a6 9. Bd3 Bb7 10. O-O Bd6 11. Ne5 c5 12. f4 Nc6 13. Ne2 Ne4 14. Bxe4 dxe4 15. Bc3 Ne7 16. Nc4 Nd5 17. Nxd6 Qxd6 18. dxc5 bxc5 19. Ng3 Rfe8 20. Qe2 Qg6 21. Rfd1 Rad8 22. Ba5 Rc8 23. Rd2 c4 24. Rd4 Rc5 25. Qd2 Nxe3 26. Bb4 Rb5 27. a4 Rxb4 28. Qxb4 Ba8 29. Qd6 Nf5 30. Qxg6 hxg6 31. Rdxc4 e3 32. Rc8 Nd6 33. Rxe8+ 1-0


[Site "https://www.chess.com"]

[Event "Titled Tuesday Blitz July 05 Late 2022"]
[White "Makarian, Rudik"]
[Black "Keymer, Vincent"]
[WhiteFideId "44105681"]
[BlackFideId "12940690"]
[WhiteElo "2403"]
[BlackElo "2548"]
[Result "0-1"]
[Round "04"]
[TimeControl "180+1"]
[Date "2022.07.05"]
[WhiteClock "0:00:02"]
[BlackClock "0:00:08"]

1. d3 d5 2. f4 g6 3. Nf3 Nf6 4. g3 Bg7 5. Bg2 O-O 6. O-O b6 7. Qe1 Bb7 8. c3 c5 9. Ne5 Nfd7 10. Nxd7 Qxd7 11. e4 e6 12. e5 Nc6 13. Nd2 f6 14. Nf3 fxe5 15. fxe5 Rf5 16. Bf4 d4 17. c4 Raf8 18. Bh3 h6 19. Qe2 g5 20. Bxf5 Rxf5 21. Bd2 Nxe5 22. Ne1 Qc6 23. Ng2 Nf3+ 24. Kh1 g4 25. Bf4 e5 26. Bc1 Rh5 27. Nh4 Nxh4+ 0-1


[Site "https://www.chess.com"]

[Event "Titled Tuesday Blitz July 05 Late 2022"]
[White "Matinian, Nikita"]
[Black "Svane, Rasmus"]
[WhiteFideId "24129100"]
[BlackFideId "4657101"]
[WhiteElo "2422"]
[BlackElo "2674"]
[Result "1-0"]
[Round "04"]
[TimeControl "180+1"]
[Date "2022.07.05"]
[WhiteClock "0:00:30"]
[BlackClock "0:00:26"]

1. e4 c6 2. d4 d5 3. e5 Bf5 4. Nf3 e6 5. Be2 Ne7 6. O-O Ng6 7. Be3 f6 8. Ne1 h5 9. f4 c5 10. c3 h4 11. Nd2 Nc6 12. Bg4 Nge7 13. Bh5+ g6 14. Be2 fxe5 15. fxe5 Qb6 16. Nb3 c4 17. Nc5 Qxb2 18. Rc1 b6 19. Nb7 Nc8 20. Qa4 Kd7 21. Bxc4 dxc4 22. d5 exd5 23. e6+ Kc7 24. Qa6 Qa3 25. Bf4+ Ne5 26. Bxe5+ Kc6 27. Nd8+ 1-0


[Site "https://www.chess.com"]

[Event "Titled Tuesday Blitz July 05 Late 2022"]
[White "Mikhailov, Viacheslav"]
[Black "Bobadilla Viera, Jorge Samuel"]
[WhiteFideId "4187369"]
[BlackFideId "3906353"]
[WhiteElo "2381"]
[BlackElo "2202"]
[Result "0-1"]
[Round "04"]
[TimeControl "180+1"]
[Date "2022.07.06"]
[WhiteClock "0:00:38"]
[BlackClock "0:01:20"]

1. Nf3 Nf6 2. g3 d5 3. Bg2 e6 4. O-O Be7 5. c4 O-O 6. d4 c6 7. Nc3 dxc4 8. Ne5 c5 9. dxc5 Bxc5 10. Qxd8 Rxd8 11. Nxc4 Nc6 12. Bf4 Nd5 13. Nxd5 exd5 14. Ne3 Be6 15. Rac1 Be7 16. Rfd1 g5 17. Bc7 Rd7 18. Bxd5 Rxc7 19. Bxe6 fxe6 20. a3 Rac8 21. Kg2 Ne5 22. Rxc7 Rxc7 23. f4 Ng6 24. Kf3 gxf4 25. gxf4 Bf6 26. b4 Kf7 27. f5 exf5 28. Nxf5 Ne5+ 29. Kf4 Ng6+ 30. Kf3 Ke6 31. e4 Rc3+ 32. Kf2 Ke5 33. Nd6 Bh4+ 34. Kg2 Nf4+ 35. Kh1 Nd3 36. Nb5 Nf2+ 37. Kg2 Nxd1 38. Nxc3 Nxc3 0-1


[Site "https://www.chess.com"]

[Event "Titled Tuesday Blitz July 05 Late 2022"]
[White "Mikhalsky, Vladimir"]
[Black "Domingo Nunez, Ruben"]
[WhiteFideId "14144352"]
[BlackFideId "22245570"]
[WhiteElo "2301"]
[BlackElo "2373"]
[Result "0-1"]
[Round "04"]
[TimeControl "180+1"]
[Date "2022.07.06"]
[WhiteClock "0:00:14"]
[BlackClock "0:00:17"]

1. c4 g6 2. d4 Bg7 3. e4 d6 4. Nc3 Nd7 5. f3 e5 6. Nge2 exd4 7. Nxd4 Ngf6 8. Be3 a6 9. Qd2 Ne5 10. b3 Bd7 11. Be2 O-O 12. O-O Re8 13. Rfd1 Rb8 14. Rac1 Nc6 15. Kh1 h5 16. Nd5 Nh7 17. c5 dxc5 18. Rxc5 Be5 19. f4 Bd6 20. Rcc1 Rxe4 21. Bd3 Rxd4 22. Bxd4 Nxd4 23. Bxg6 fxg6 24. Qxd4 Bg4 25. Re1 Qd7 26. Ne3 Re8 27. Nxg4 Rxe1+ 28. Rxe1 hxg4 29. Qd5+ Kg7 30. Qxb7 Bxf4 31. Qxa6 Nf6 32. Qc4 Bd6 33. Qe6 Qb5 34. Qe2 Qh5 35. h3 Qh4 36. Qf1 Qg3 37. Qg1 gxh3 38. Rc1 Ng4 39. Rc2 hxg2+ 40. Qxg2 Qh4+ 41. Kg1 Qe1+ 42. Qf1 Qxf1+ 43. Kxf1 Ne3+ 44. Ke2 Nxc2 45. Kd3 Nb4+ 0-1


[Site "https://www.chess.com"]

[Event "Titled Tuesday Blitz July 05 Late 2022"]
[White "Munoz, Francisco Javier"]
[Black "Samsonkin, Artiom"]
[WhiteFideId "128368"]
[BlackFideId "13503111"]
[WhiteElo "2383"]
[BlackElo "2513"]
[Result "0-1"]
[Round "04"]
[TimeControl "180+1"]
[Date "2022.07.06"]
[WhiteClock "0:00:22"]
[BlackClock "0:00:05"]

1. e4 e5 2. Nc3 Nf6 3. Nf3 Nc6 4. Bb5 Bc5 5. d3 d6 6. h3 h6 7. Be3 Bb6 8. Qd2 Bd7 9. Bxc6 Bxc6 10. g4 Qe7 11. O-O-O Ba5 12. Ng1 d5 13. exd5 Nxd5 14. Nge2 Nxc3 15. Nxc3 Bxh1 16. Rxh1 O-O-O 17. a3 Bb6 18. Re1 Rhe8 19. Bxb6 axb6 20. f4 Qf6 21. f5 Qg5 22. Ne4 Qxd2+ 23. Kxd2 f6 24. Ng3 Re7 25. b3 b5 26. Kc3 c5 27. Ne4 b6 28. b4 Rc7 29. bxc5 bxc5 30. Rb1 b4+ 31. axb4 cxb4+ 32. Kd2 Rc4 33. Nf2 e4 34. Rb2 Kc7 35. Ke3 exd3 36. cxd3 Re8+ 37. Ne4 Rexe4+ 38. dxe4 Kc6 39. h4 Kc5 40. Rd2 Rc3+ 41. Kf4 b3 42. Rd8 b2 43. Rb8 Rc2 0-1


[Site "https://www.chess.com"]

[Event "Titled Tuesday Blitz July 05 Late 2022"]
[White "Navarrete Mendez, Gonzalo Alberto"]
[Black "Papp, Levente"]
[WhiteFideId "5106850"]
[BlackFideId "751243"]
[WhiteElo "2261"]
[BlackElo "2308"]
[Result "0-1"]
[Round "04"]
[TimeControl "180+1"]
[Date "2022.07.06"]
[WhiteClock "0:00:08"]
[BlackClock "0:00:18"]

1. e4 e6 2. d4 d5 3. Nc3 Bb4 4. e5 Ne7 5. a3 Bxc3+ 6. bxc3 b6 7. Qg4 Ng6 8. h4 h5 9. Qg3 Ba6 10. Bxa6 Nxa6 11. Bg5 Qd7 12. Ne2 Qa4 13. O-O Qxc2 14. Qe3 Qe4 15. Qd2 Ne7 16. f3 Qg6 17. Nf4 Qf5 18. Qe2 Nb8 19. c4 Nbc6 20. cxd5 exd5 21. Rac1 Nxd4 22. Qe3 c5 23. Bxe7 Qxf4 24. Qxf4 Ne2+ 25. Kf2 Nxf4 26. Ke3 Nxg2+ 27. Kf2 Nf4 28. Ke3 Kxe7 29. Kxf4 Ke6 30. Rg1 g6 31. a4 Rhd8 32. a5 d4 33. Ke4 d3 34. f4 d2 35. Rcd1 Rd4+ 36. Ke3 Rad8 37. Rg2 c4 38. axb6 axb6 39. f5+ gxf5 40. Rgxd2 Rxd2 41. Rxd2 Rxd2 42. Kxd2 Kxe5 43. Kc3 f4 44. Kb4 f3 0-1


[Site "https://www.chess.com"]

[Event "Titled Tuesday Blitz July 05 Late 2022"]
[White "Novikova, Galina"]
[Black "Della Morte, German"]
[WhiteFideId "4157095"]
[BlackFideId "113522"]
[WhiteElo "1863"]
[BlackElo "2363"]
[Result "0-1"]
[Round "04"]
[TimeControl "180+1"]
[Date "2022.07.06"]
[WhiteClock "0:00:01"]
[BlackClock "0:00:04"]

1. e4 Nc6 2. Nf3 d6 3. d4 Nf6 4. Nc3 g6 5. h3 Bg7 6. Be3 O-O 7. Qd2 a6 8. O-O-O b5 9. Bd3 e5 10. d5 Na5 11. Bh6 Nc4 12. Bxc4 bxc4 13. Bxg7 Kxg7 14. Qe2 Bd7 15. Qxc4 Qb8 16. Nd2 Qb6 17. Rhf1 Rfb8 18. b3 Bb5 19. Nxb5 axb5 20. Qc3 Rxa2 21. f4 Nd7 22. fxe5 Nxe5 23. Nf3 Re8 24. Nxe5 Rxe5 25. Rf3 b4 26. Qd4 Qa5 27. Rdf1 Ra1+ 28. Kd2 Rxf1 29. Rxf1 Qb5 30. Rf3 Kg8 31. h4 h5 32. Qe3 c6 33. Qf4 f5 34. Qh6 Kf7 35. Qh7+ Kf6 36. Qh8+ Kf7 37. Qd8 Qc5 38. Qd7+ Kf6 39. Qd8+ Kf7 40. exf5 Qxd5+ 41. Rd3 Qxg2+ 42. Kc1 Re1+ 43. Kb2 gxf5 44. Qd7+ Re7 45. Qxf5+ Ke8 46. Qc8+ Kf7 47. Qf5+ Ke8 48. Rf3 Qg7+ 49. Qf6 Qxf6+ 50. Rxf6 Kd7 51. Rh6 Re5 52. Rh7+ Ke6 53. Rh6+ Kd5 54. Rh8 c5 55. Kc1 Ke4 56. Kd2 d5 57. Rf8 Rf5 58. Re8+ Kf4 59. Rc8 d4 60. Rg8 Re5 61. Kd3 Re3+ 62. Kd2 Rh3 63. Rc8 Rxh4 64. Rxc5 Ke4 65. Rc4 Rh2+ 66. Kc1 h4 67. Rxb4 Ke3 68. Rb8 h3 69. Re8+ Kf4 70. Rf8+ Ke5 71. b4 Rg2 72. Rh8 h2 73. Kb2 Kd5 74. Kb3 Rg3+ 75. Ka4 Rg2 76. Rh5+ Ke4 77. b5 Rxc2 78. b6 Rb2 79. Ka5 d3 80. Ka6 d2 81. Rh4+ Ke3 82. Rh3+ Kf4 83. Rxh2 Rxb6+ 84. Kxb6 d1=Q 85. Rh6 Qd4+ 86. Kc7 Qg7+ 0-1


[Site "https://www.chess.com"]